 Dungeon Crawl Stone Soup version 0.30.0-29-ga12c61a403 (webtiles) character file.

Game seed: 17947890367494002969

3187 monsoonserge the Grappler (level 9, -7/70 HPs)
             Began as a Ghoul Gladiator on June 16, 2023.
             Was a Believer of Nemelex Xobeh.
             Killed from afar by a steam dragon (10 damage)
             ... with a ball of steam
             ... on level 8 of the Dungeon.
             The game lasted 00:24:22 (6962 turns).

monsoonserge the Grappler (Ghoul Gladiator)         Turns: 6962, Time: 00:24:23

Health: -7/70      AC: 14    Str: 22    XL:     9   Next: 95%
Magic:  8/8        EV:  7    Int:  3    God:    Nemelex Xobeh [**....]
Gold:   533        SH:  0    Dex: 10    Spells: 8/8 levels left

rFire   . .          .
                       - Unarmed
rCold   + . .        (no shield)
rNeg    + + +        p - +0 plate armour
rPois   ∞            I - +0 helmet
rElec   .            (no cloak)
rCorr   .            (no gloves)
SInv    .            J - +0 pair of boots
Will    .....        O - amulet of faith Stlth
                     (no ring)
HPRegen 0.00/turn    (no ring)
MPRegen 0.11/turn

%: faith
@: inhibited regen
A: claws 1, cold resistance 1, negative energy resistance 3, inhibited
regeneration, torment resistance 2, devour on kill
a: Renounce Religion, Draw Escape, Draw Destruction, Draw Summoning


You were on level 8 of the Dungeon.
You worshipped Nemelex Xobeh.
Nemelex Xobeh was pleased with you.
You visited 2 branches of the dungeon, and saw 9 of its levels.

You collected 533 gold pieces.

Inventory:

Missiles
 c - 4 throwing nets
 d - 8 javelins
 e - 38 poisoned darts (quivered)
 L - 2 curare-tipped darts
Armour
 a - a +0 leather armour
 b - a +0 helmet
 g - a +0 ring mail
 l - a +0 leather armour
 p - a +0 plate armour (worn)
 u - a +0 chain mail
 F - a +0 scale mail
 I - a +0 helmet (worn)
 J - a +0 pair of boots (worn)
Magical Staves
 K - a staff of poison
Jewellery
 s - a ring of ice
 H - a ring of ice
 O - an amulet of faith (around neck)
 Q - the amulet "Puopesom" {Faith Dex+5}
   (You found it on level 7 of the Dungeon)

   [amulet of faith]

   It allows you to gain divine favour quickly.
   Dex:       It affects your dexterity (+5).
Wands
 k - a wand of quicksilver (19)
 y - a wand of flame (7)
 E - a wand of digging (5)
 G - a wand of mindburst (18)
Scrolls
 h - 6 scrolls of identify {unknown}
 m - 2 scrolls of teleportation {unknown}
 n - a scroll of enchant weapon {unknown}
 o - a scroll of amnesia {unknown}
 q - 2 scrolls of torment {unknown}
 w - a scroll of silence {unknown}
 A - 4 scrolls of fog {unknown}
 C - 2 scrolls of summoning {unknown}
 D - a scroll of noise {unknown}
 M - 2 scrolls of brand weapon {unknown}
 P - 2 scrolls of poison {unknown}
Potions
 f - a potion of heal wounds {unknown}
 i - a potion of haste {unknown}
 j - 13 potions of curing
 r - 3 potions of flight {unknown}
 t - a potion of lignification {unknown}
 v - a potion of degeneration {unknown}
 x - a potion of resistance {unknown}
 z - 3 potions of brilliance {unknown}
 B - 3 potions of invisibility {unknown}
 N - 2 potions of mutation {unknown}
 R - a potion of might {unknown}


   Skills:
 + Level 3.5 Fighting
 - Level 2.0 Throwing
 + Level 5.0 Armour
 + Level 3.2 Dodging
 * Level 12.9 Unarmed Combat
 * Level 1.0 Invocations
 + Level 2.0 Evocations


You had 8 spell levels left.
You didn't know any spells.
Your spell library contained the following spells:

 Spells                   Type           Power      Damage    Failure   Level
 Passwall                 Tmut/Erth      0%         N/A       100%        2
 Ignite Poison            Fire/Tmut/Pois 0%         N/A       100%        3
 Stone Arrow              Conj/Erth      0%         3d7       100%        3
 Passage of Golubria      Tloc           0%         N/A       100%        4
 Sticky Flame             Conj/Fire      0%         2d3       100%        4
 Silence                  Hex/Air        0%         N/A       100%        5
 Eringya's Noxious Bog    Tmut/Pois      0%         N/A       100%        6
 Summon Hydra             Summ           0%         N/A       100%        7
 Ignition                 Fire           0%         3d3       100%        8
 Lehudib's Crystal Spear  Conj/Erth      0%         10d2      100%        8
 Sublimation of Blood     Necr           Unusable   N/A       N/A         2
 Wereblood                Tmut           Unusable   N/A       N/A         2
 Necromutation            Tmut/Necr      Unusable   N/A       N/A         8

Dungeon Overview and Level Annotations

Branches:
Dungeon (8/15)             Temple (1/1) D:6
   Lair: D:8-11

Altars:
Ashenzari
Cheibriados
Dithmenos
Fedhas
Gozag
Kikubaaqudgha
Makhleb
Nemelex Xobeh
Okawaru
Qazlal
Ru
Sif Muna
Trog
Uskayaw
Vehumet
Wu Jian
Xom
Yredelemnul

Shops:
D:5 (

Annotations:
D:5 2 transporters, safid's ghost, novice MfIE


Innate Abilities, Weirdness & Mutations

You are immune to poison.
You have sharp fingernails.
Your flesh is cold resistant. (rC+)
You are immune to negative energy. (rN+++)
You do not regenerate when monsters are visible.
You are immune to unholy pain and torment.
You thrive by killing the living.


Message History

You draw a card...
You have drawn the Orb.
Press: ? - help, Shift-Dir - straight line, f - hornet
Aim: a hornet (severely wounded, lightly drained)
The wavering orb of destruction weakly hits the hornet!
You blow up the hornet!
You hear a shout!
The steam dragon closely misses you.
The steam dragon claws you but does no damage.
Your Armour skill increases to level 5!
Your Invocations skill increases to level 1!
Okay, then.
Okay, then.
Okay, then.
Press: ? - help, v - describe, . - travel
Here: a steam dragon (moderately wounded, slow, misshapen and mutated)
The floor.
Aiming: Quicksilver Bolt
Press: ? - help, Shift-Dir - straight line, f - yak
Aim: a yak (moderately wounded, slow, 83% to hit)
Okay, then.
Welcome back, monsoonserge the Ghoul Gladiator.
Nemelex Xobeh says: It's all in the cards!
Press ? for a list of commands and other information.
You draw a card...
You have drawn Wild Magic.
The steam dragon emits a flash of light.
The yak looks rather nauseous for a moment.
The yak is poisoned.
The yak is briefly tinged with green.
The yak is poisoned.
The yak's body twists unnaturally.
The yak twists and deforms.
You feel a surge of magic.
Unknown command.
Press: ? - help, v - describe, . - travel
Here: a steam dragon (moderately wounded, slow, misshapen and mutated)
The floor.
An orc wizard and an orc come into view.
The orc wizard shouts!
The orc shouts!
The steam dragon breathes steam at you. The ball of steam hits you!
You die...
Your body disappears without a glow.

### .# .# ##... .#..##
.#.... .#... .......
.... .......##Y.#
......#..Y#
..o...##D####
..o....#§.#.###
#).@......#
##........##
.........#..# #......
#.........# .#
.......####....##.##.##
.......##......#......#
..........#...###..###
.##
#.....##....##......#
...## #.......#.
##.##.##


You could see 2 yaks, a steam dragon (slow, catching breath, misshapen), an orc
wizard and an orc.

Vanquished Creatures
  A hornet (D:8)
  Sigmund (D:6)
  Menkaure (D:7)
  3 water moccasins
  2 ice beasts
  2 sky beasts
  A centaur (D:8)
  6 kobold brigands (D:5)
  5 scorpions
  3 bullfrogs
  3 necrophages (D:4)
  A gnoll sergeant (D:5)
  2 wights (D:4)
  A howler monkey (D:6)
  2 jellies
  3 orc priests
  A human zombie (D:4)
  3 hounds
  A sleepcap (D:6)
  An orc wizard (D:3)
  2 hound zombies (D:4)
  A howler monkey zombie (D:4)
  Robin (D:4)
  8 gnolls (D:5)
  5 adders
  A shadow imp (D:6)
  A white imp (D:7)
  2 ufetubi
  3 adder zombies (D:4)
  2 dart slugs
  23 orcs
  10 ball pythons
  2 bats (D:3)
  8 endoplasms
  12 giant cockroaches
  11 goblins
  6 hobgoblins
  18 jackals
  3 quokkas
  A frilled lizard (D:2)
  47 kobolds
  7 rats
217 creatures vanquished.

Notes
Turn   | Place    | Note
-------+----------+-------------------------------------------
     0 | D:1      | monsoonserge the Ghoul Gladiator began the quest for the
                  | Orb.
     0 | D:1      | Reached XP level 1. HP: 17/17 MP: 0/0
    80 | D:1      | Reached XP level 2. HP: 24/24 MP: 1/1
   575 | D:1      | Reached XP level 3. HP: 30/30 MP: 2/2
   610 | D:1      | Got Belofuryr's Vellum of Mutable Spelunking
   825 | D:1      | Reached skill level 4 in Unarmed Combat
  1611 | D:2      | Reached XP level 4. HP: 32/37 MP: 3/3
  1851 | D:3      | Reached skill level 5 in Unarmed Combat
  1944 | D:3      | Identified the +0 robe of Light {Archmagi}
  2141 | D:3      | Reached XP level 5. HP: 42/42 MP: 4/4
  2151 | D:3      | Reached skill level 1 in Armour
  2336 | D:3      | Found a broken altar of Ashenzari.
  2598 | D:4      | Reached skill level 6 in Unarmed Combat
  2609 | D:4      | Reached XP level 6. HP: 48/50 MP: 5/5
  2693 | D:4      | Found an ancient bone altar of Kikubaaqudgha.
  2715 | D:4      | Reached skill level 7 in Unarmed Combat
  2740 | D:4      | Reached XP level 7. HP: 50/56 MP: 6/6
  2764 | D:4      | Reached skill level 8 in Unarmed Combat
  2980 | D:4      | Reached skill level 9 in Unarmed Combat
  3130 | D:4      | Reached XP level 8. HP: 62/62 MP: 7/7
  3133 | D:4      | Found a radiant altar of Vehumet.
  3170 | D:4      | Noticed Robin
  3196 | D:4      | Killed Robin
  3464 | D:5      | Entered Level 5 of the Dungeon
  3569 | D:5      | Found a transporter.
  3570 | D:5      | Noticed safid's ghost (novice MfIE)
  3571 | D:5      | Found a transporter.
  3577 | D:5      | Identified the +7 giant club of Destiny {drain, Will++
                  | Str+5}
  4174 | D:5      | Found Pac Dyelami's Weapon Shoppe.
  4427 | D:5      | Reached skill level 10 in Unarmed Combat
  4547 | D:5      | Reached skill level 1 in Evocations
  5037 | D:5      | Reached XP level 9. HP: 62/69 MP: 8/8
  5038 | D:5      | Reached skill level 11 in Unarmed Combat
  5263 | D:6      | Noticed Sigmund
  5309 | D:6      | Found a staircase to the Ecumenical Temple.
  5323 | Temple   | Entered the Ecumenical Temple
  5425 | Temple   | Became a worshipper of Nemelex Xobeh the Trickster
  5615 | D:6      | Found a sacrificial altar of Ru.
  5756 | D:6      | Found a blossoming altar of Fedhas.
  5881 | D:6      | Found an opulent altar of Gozag.
  5966 | D:6      | Reached * piety under Nemelex Xobeh
  6150 | D:6      | Killed Sigmund
  6328 | D:7      | Identified the amulet "Puopesom" {Faith Dex+5}
  6392 | D:7      | Noticed Menkaure
  6400 | D:7      | Killed Menkaure
  6401 | D:7      | Reached skill level 12 in Unarmed Combat
  6516 | D:7      | Received a gift from Nemelex Xobeh
  6813 | D:7      | Reached ** piety under Nemelex Xobeh
  6946 | D:8      | Noticed a hornet
  6959 | D:8      | HP: 3/70 [hornet (5)]
  6960 | D:8      | Killed a hornet
  6961 | D:8      | Reached skill level 5 in Armour
  6961 | D:8      | Reached skill level 1 in Invocations
  6962 | D:8      | Killed from afar by a steam dragon

Illustrated notes

Levels and vault maps discovered:
D:1:      dpeg_arrival_rhombus, layout_basic, minmay_distorted
D:2:      layout_basic
D:3:      minmay_roachtagon, layout_basic, ashenzari_conservatory_becter,
          minivault_27
D:4:      layout_loops_ring, lemuel_mausoleum_altar_kikubaaqudgha,
          lemuel_crystal_altar, uniq_robin
D:5:      minmay_goblin_kobold_castle, layout_basic, gammafunk_ghost_smash,
          serial_shops, nicolae_shop_rolling_square, lightli_minifort
D:6:      layout_cave_pods, mainiacjoe_overflow_surrounded_room,
          mainiacjoe_overflow_24_doors, mainiacjoe_overflow_tiny_flanked,
          minmay_temple_entry_mini_moons, uniq_sigmund
D:7:      layout_basic, tso_metal_star, uniq_menkaure
D:8:      layout_cave_pools, minmay_misc_feat_alley, lemuel_flame_loot_1
Temple:   dshaligram_water_room_temple

Skill      XL: |  1  2  3  4  5  6  7  8  9 |
---------------+----------------------------+-----
Dodging        | 3 |  3.2
Throwing       | 2 |  2.0
Unarmed Combat | 4 5 6 7 9 10 12 | 12.9
Armour         | 1 2 3 5 |  5.0
Fighting       | 3 |  3.5
Evocations     | 1 2 |  2.0
Invocations    | 1 |  1.0

Action                     |  1- 3 |  4- 6 |  7- 9 || total
---------------------------+-------+-------+-------++-------
  Melee: Unarmed           |   117 |   145 |   349 ||   611
         Punch             |     1 |     6 |    16 ||    23
  Throw: Dart              |       |       |     5 ||     5
 Invoke: Draw Destruction  |       |       |     5 ||     5
         Draw Escape       |       |       |     1 ||     1
  Evoke: Wand              |       |       |     2 ||     2
    Use: Potion            |       |       |     1 ||     1
 Armour: Leather armour    |    12 |       |       ||    12
         Ring mail         |     4 |       |       ||     4
         Plate armour      |    55 |    50 |   211 ||   316
  Dodge: Dodged            |    57 |    37 |   103 ||   197
